 Dungeon Crawl Stone Soup version 0.31-a0-1267-gfedaa18 (webtiles) character file.

Game seed: 9722412277405486229

11203016 Kearsarge the Shapeless Merfolk (level 27, 249/249 HPs)
             Began as a Merfolk Fighter on Dec 16, 2023.
             Was an Initiate of Gozag.
             Escaped with the Orb
             ... and 6 gems (4 intact!)
             ... and 8 runes!
             The game lasted 01:28:19 (41653 turns).

Kearsarge the Shapeless Merfolk (Merfolk Fighter)  Turns: 41653, Time: 01:28:19

Health: 249/249    AC: 15    Str: 23    XL:     27
Magic:  23/23      EV: 58    Int: 17    God:    Gozag
Gold:   670        SH:  0    Dex: 19    Spells: 26/26 levels left

rFire   + .          .
                       - Unarmed
rCold   . . .        c - melded +1 buckler
rNeg    + . .        b - melded +0 scale mail
rPois   ∞            l - melded +0 helmet
rElec   +            Z - melded scarf {rC+ rF+}
rCorr   +            (gloves currently unavailable)
SInv    +            (boots currently unavailable)
Will    ++++.        Y - amulet of Toethual {Regen+ rCorr Dex+3}
Stlth   +++          R - ring "Wilavavi" {Will++ Str+3 SInv}
HPRegen 1.41/turn    T - ring "Voiq" {*Corrode Fly rElec rF+ rN+ Slay+2}
MPRegen 0.18/turn

%: corrode self (3%)
@: storm-form, flying, studying 2 skills
A: cleaving, insubstantial, flying, (nimble swimmer 2), (mertail), (claws 1),
clever 2, clumsy 1, (deformed body), deterioration 1, (shaggy fur 1), subdued
magic 1, inability to read after injury 1, MP-powered wands
0: Orb of Zot
}: 8/15 runes: decaying, slimy, demonic, glowing, magical, fiery, dark, gossamer
a: Blinkbolt, Begin Untransformation, Renounce Religion, Potion Petition, Call
Merchant, Bribe Branch


You escaped.
You worshipped Gozag.
Gozag was pleased with you.
You were a lightning-filled tempest!
You visited 9 branches of the dungeon, and saw 47 of its levels.
You visited Pandemonium 1 time, and saw 24 of its levels.
You visited the Abyss 1 time.
You visited 1 ziggurat, and saw 10 of its levels.
You also visited: Sewer, Bailey and Gauntlet.

You collected 28044 gold pieces.
You spent 3324 gold pieces at shops.
You paid 24050 gold pieces to Gozag.

Inventory:

Missiles
 n - 5 throwing nets
 t - 7 curare-tipped darts
Armour
 b - a +0 scale mail (melded)
 c - a +1 buckler (melded)
 l - a +0 helmet (melded)
 Z - a scarf of resistance (melded)
Jewellery
 Q - a ring of willpower
 R - the ring "Wilavavi" (left fist) {Will++ Str+3 SInv}
   (You found it in a Gauntlet)

   [ring of see invisible]

   Str+3:     It affects your strength (+3).
   Will++:    It greatly increases your willpower.
   SInv:      It lets you see invisible.
 T - the ring "Voiq" (right fist) {*Corrode Fly rElec rF+ rN+ Slay+2}
   (You bought it in a shop on level 4 of the Depths)

   [ring of protection from fire]

   Slay+2:    It affects your accuracy & damage with ranged weapons and melee
   (+2).
   rF+:       It protects you from fire.
   rElec:     It insulates you from electricity.
   rN+:       It protects you from negative energy.
   Fly:       It grants you flight.
   *Corrode:  It may corrode you when you take damage.
 Y - the amulet of Toethual (around neck) {Regen+ rCorr Dex+3}
   (You found it on level 3 of the Elven Halls)

   [amulet of regeneration]

   Dex+3:     It affects your dexterity (+3).
   Regen+:    It increases your rate of health regeneration.
   rCorr:     It protects you from acid and corrosion.
Talismans
 k - the granite talisman of the Bells {rN++}
   (You found it in Pandemonium)

   [granite talisman]

   rN++:      It greatly protects you from negative energy.
 J - a storm talisman (active)
 M - a talisman of death
Wands
 p - a wand of roots (57)
 A - a wand of digging (14)
 I - a wand of light (21)
 O - a wand of paralysis (30)
 P - a wand of mindburst (27)
Scrolls
 e - 6 scrolls of noise
 h - a scroll of fog
 i - 3 scrolls of summoning
 j - 11 scrolls of amnesia
 r - 12 scrolls of teleportation
 y - 3 scrolls of blinking
 z - 3 scrolls of fear
 C - 4 scrolls of vulnerability
 D - 5 scrolls of enchant armour
 E - 2 scrolls of immolation
 F - 2 scrolls of torment
 K - 7 scrolls of enchant weapon
 N - 6 scrolls of poison
 S - a scroll of brand weapon
 V - 2 scrolls of silence
Potions
 a - a potion of mutation
 d - 3 potions of might
 f - 3 potions of resistance
 g - 7 potions of heal wounds
 m - a potion of cancellation
 o - a potion of ambrosia
 q - 8 potions of brilliance
 s - 5 potions of enlightenment
 u - 5 potions of lignification
 v - 4 potions of attraction
 B - 17 potions of curing
 G - 2 potions of haste
 L - 2 potions of magic
Miscellaneous
 H - a tin of tremorstones (2/2)
 W - a phantom mirror
 X - a lightning rod (4/4)


   Skills:
 O Level 27 Fighting
 - Level 4.3 Polearms
 - Level 2.1 Armour
 O Level 27 Dodging
 + Level 16.5 Stealth
 - Level 3.0 Shields
 O Level 27 Unarmed Combat
 O Level 27 Shapeshifting


You had 26 spell levels left.
You didn't know any spells.
Your spell library contained the following spells:

 Spells                   Type           Power      Damage    Failure   Level
 Apportation              Tloc           0%         N/A       21%         1
 Foxfire                  Conj/Fire      0%         2x1d4     21%         1
 Magic Dart               Conj           0%         1d3       21%         1
 Shock                    Conj/Air       0%         1d3       21%         1
 Summon Small Mammal      Summ           0%         N/A       21%         1
 Blink                    Tloc           0%         N/A       30%         2
 Call Imp                 Summ           0%         N/A       30%         2
 Ensorcelled Hibernation  Hex/Ice        0%         N/A       30%         2
 Momentum Strike          Conj/Tloc      0%         3d8       30%         2
 Passwall                 Tmut/Erth      0%         N/A       30%         2
 Poisonous Vapours        Pois/Air       0%         N/A       30%         2
 Scorch                   Fire           0%         2d5       30%         2
 Searing Ray              Conj           0%         2d4       30%         2
 Wereblood                Tmut           0%         N/A       30%         2
 Dazzling Flash           Conj/Hex       0%         N/A       52%         3
 Gell's Gravitas          Tloc           0%         N/A       52%         3
 Mephitic Cloud           Conj/Pois/Air  0%         N/A       52%         3
 Ozocubu's Armour         Ice            0%         N/A       52%         3
 Stone Arrow              Conj/Erth      0%         3d7       52%         3
 Summon Guardian Golem    Hex/Summ       0%         N/A       52%         3
 Swiftness                Air            0%         N/A       52%         3
 Tukima's Dance           Hex            0%         N/A       52%         3
 Volatile Blastmotes      Fire/Tloc      0%         2d10      52%         3
 Anguish                  Hex/Necr       0%         N/A       91%         4
 Animate Armour           Summ/Erth      0%         N/A       91%         4
 Cause Fear               Hex            0%         N/A       91%         4
 Flame Wave               Conj/Fire      0%         2d4       91%         4
 Fulminant Prism          Conj/Hex       0%         3d5       91%         4
 Leda's Liquefaction      Tmut/Erth      0%         N/A       91%         4
 Olgreb's Toxic Radiance  Pois           0%         N/A       91%         4
 Passage of Golubria      Tloc           0%         N/A       91%         4
 Sticky Flame             Conj/Fire      0%         2d3       91%         4
 Summon Ice Beast         Ice/Summ       0%         N/A       91%         4
 Vhi's Electric Charge    Tloc/Air       0%         N/A       91%         4
 Arcjolt                  Conj/Air       0%         1d10      99%         5
 Fireball                 Conj/Fire      0%         3d3       99%         5
 Freezing Cloud           Conj/Ice/Air   0%         6-21      99%         5
 Irradiate                Conj/Tmut      0%         3d11      99%         5
 Lee's Rapid Deconstruct  Erth           0%         3d4*      99%         5
 Silence                  Hex/Air        0%         N/A       99%         5
 Summon Forest            Summ/Tloc      0%         N/A       99%         5
 Yara's Violent Unravell  Hex/Tmut       0%         3d3       99%         5
 Bombard                  Conj/Erth      0%         9d1       100%        6
 Conjure Ball Lightning   Conj/Air       0%         3x3d6     100%        6
 Dispersal                Tloc           0%         N/A       100%        6
 Plasma Beam              Fire/Air       0%         2x1d10    100%        6
 Starburst                Conj/Fire      0%         6d3       100%        6
 Summon Cactus Giant      Summ           0%         N/A       100%        6
 Enfeeble                 Hex            0%         N/A       100%        7
 Haunt                    Necr/Summ      0%         N/A       100%        7
 Orb of Destruction       Conj           0%         9d5       100%        7
 Ozocubu's Refrigeration  Ice            0%         4d7       100%        7
 Spellforged Servitor     Conj/Summ      0%         N/A       100%        7
 Discord                  Hex            0%         N/A       100%        8
 Disjunction              Tloc           0%         N/A       100%        8
 Ignition                 Fire           0%         3d3       100%        8
 Lehudib's Crystal Spear  Conj/Erth      0%         10d2      100%        8
 Maxwell's Capacitive Co  Air            0%         ∞         100%        8
 Summon Horrible Things   Summ           0%         N/A       100%        8
 Chain Lightning          Conj/Air       0%         N/A       100%        9
 Fire Storm               Conj/Fire      0%         5d1       100%        9
 Polar Vortex             Ice            0%         N/A       100%        9
 Shatter                  Erth           0%         3d5*      100%        9
 Simulacrum               Ice/Necr       Unusable   N/A       N/A         6

Dungeon Overview and Level Annotations

Branches:
Dungeon (15/15)            Temple (0/1) D:5            Lair (5/5) D:10
  Swamp (4/4) Lair:2       Spider (4/4) Lair:2        Slime (5/5) Lair:4
    Orc (2/2) D:12            Elf (3/3) Orc:2        Vaults (0/5) D:13
 Depths (4/4) D:15            Zot (5/5) Depths:4      Sewer (visited)
 Bailey (visited)         Gauntlet (visited)

Altars:
Elyvilon
Fedhas
Gozag
Okawaru
Trog
Wu Jian
Jiyva

Shops:
D:2 [   D:4 !   D:6 *   D:9 =   D:12 [   D:14 !=   Orc:1 ?   Orc:2 [[[*?
Elf:2 *   Swamp:1 =*=   Depths:4 **

Portals:
Hell: Depths:2 Depths:3 Depths:4
Abyss: Depths:1 Depths:2 Depths:3
Pandemonium: Depths:1 Depths:2 Depths:4

Annotations:
D:11 3 runed translucent doors, Ozzieoiler's ghost, journeyman DjFE
Orc:1 2 transporters
Elf:2 3 runed translucent doors


Innate Abilities, Weirdness & Mutations

You are a lightning-filled tempest!
Your electrical attacks strike out in all directions at once.
You are incredibly evasive.
Your insubstantial body is immune to petrification, constriction, and being set on fire You are flying.
Your armour is entirely melded.
You are incapable of wielding weapons or throwing items.
You are immune to poison.
((You are very nimble when in or above water. (Stealth+, EV+, Speed+++)))
((Your lower body shifts to a powerful aquatic tail in water.))
((You have sharp fingernails.))
Your mind is very acute. (Int +8, Str/Dex -2)
You are clumsy. (Dex -2)
((Armour fits poorly on your strangely shaped body.))
Your body sometimes deteriorates upon taking damage.
((You are covered in fur. (AC +1)))
Your spells are a little easier to cast, but a little less powerful.
You occasionally lose the ability to read scrolls when taking damage.
You expend magic power (3 MP) to strengthen your wands.


Message History

You start waiting.
Your surroundings suddenly seem different.
As you read the scroll of teleportation, it crumbles to dust.
You feel strangely unstable.
You feel the Orb delaying your translocation!
You start waiting.
You feel energetic enough to blinkbolt again.
As you read the scroll of teleportation, it crumbles to dust.
You feel strangely stable.
You start waiting.
An Orb Guardian is nearby!
The shock of your passage hits the Orb Guardian!
The Orb Guardian is heavily wounded.
You blink.
The Orb Guardian closely misses you.
You hit the Orb Guardian but do no damage.
Your punch misses the Orb Guardian.
The Orb Guardian is heavily wounded.
The Orb Guardian completely misses you.
As you read the scroll of teleportation, it crumbles to dust.
You feel strangely unstable.
You feel the Orb delaying your translocation!
The Orb Guardian completely misses you.
You blast the Orb Guardian!!!
You punch the Orb Guardian, but do no damage.
The Orb Guardian is almost dead.
The Orb Guardian completely misses you.
You blast the Orb Guardian!!!!
You kill the Orb Guardian!
You now have 670 gold pieces (gained 19).
Key pressed, stopping travel.
No target in view!
You start waiting.
You feel energetic enough to blinkbolt again.
You start waiting.
Your surroundings suddenly seem different.
Blink to where?
Press: ? - help, Q - select action, (/) - cycle Dir - move target
As you read the scroll of blinking, it crumbles to dust.
There is a staircase leading out of the dungeon here.
You have escaped!

......# ##.#####
).†...# #......#
####'## #......#
#.# ##......#
####.# #.......#
..##.######.......#
.['......##.###..##
..###....#....#...#
..# ####.#..#.##v##
..# #..>##.####
..######.####.#####
......##...##.....#
...............##
#......#........#
#......##########
#...†..# #......#


There were no monsters in sight!

Vanquished Creatures
  Cerebov (Pan)
  the Royal Jelly (Slime:5)
  Gloorx Vloq (Pan)
  Mnoleg (Pan)
  2 dread liches
  9 pandemonium lords
  2 golden dragons
  4 caustic shrikes (Depths:3)
  Norris (Depths:2)
  A profane servitor (Abyss:3)
  3 bone dragons
  2 Tzitzimimeh (Pan)
  5 Brimstone Fiends (Pan)
  An electric golem (Zot:1)
  A walking earthen tome (Depths:2)
  4 Hell Sentinels
  8 tentacled monstrosities
  6 Ice Fiends (Pan)
  10 Orb Guardians
  5 liches
  2 quicksilver dragons
  4 sphinxes
  A walking frostbound tome (Depths:3)
  5 titans
  24 Executioners
  Asterion (Spider:2)
  A death cob (Zot:3)
  A deep elf blademaster (Elf:3)
  15 acid blobs
  A tengu reaver (Depths:3)
  8 tentacled starspawn
  Kirke (Lair:3)
  A daeva (Abyss:3)
  11 rockslimes
  4 shadow dragons
  6 azure jellies
  6 storm dragons
  8 fire giants
  A draconian knight (Zot:2)
  A fenstrider witch (shapeshifter) (Zig:1)
  A nagaraja (Zig:8)
  3 demonspawn warmongers (Pan)
  5 frost giants
  3 draconian shifters
  4 deep elf sorcerers (Elf:3)
  4 ghost moths
  21 balrugs
  3 iron dragons
  7 emperor scorpions
  6 reapers
  2 curse skulls (Pan)
  2 draconian stormcallers
  3 draconian annihilators
  20 cacodemons
  A spriggan defender (Depths:4)
  An orc warlord (Elf:1)
  27 very ugly things
  8 quicksilver oozes
  2 juggernaut skeletons
  7 demonspawn blood saints (Pan)
  7 demonspawn corrupters (Pan)
  2 broodmothers (Spider:4)
  9 stone giants
  5 eleionomae
  2 vampire knights (Depths:2)
  2 minotaurs
  3 green draconians
  2 deep elf death magi
  6 demonspawn black suns (Pan)
  2 red draconians (Zot:5)
  3 white draconians
  3 deep elf annihilators
  6 black draconians
  The ghost of Hicry the Grappler, a journeyman TrSh of Sif Muna (D:13)
  2 wendigos (Zig:3)
  8 lorocyprocas (Pan)
  6 purple draconians
  7 bunyips
  24 blizzard demons
  11 ettins
  9 spark wasps
  An eidolon (Abyss:2)
  3 mummy priests (Zig:6)
  A quicksilver dragon zombie (Depths:3)
  2 yaktaur captains (Depths:4)
  11 green deaths
  A shambling mangrove (Swamp:3)
  11 fire dragons
  2 crystal guardians (Elf:3)
  An entropy weaver (shapeshifter) (Elf:3)
  10 rakshasas
  3 hell beasts (Pan)
  2 deep elf high priests (Elf:3)
  9 hydras
  A caustic shrike simulacrum (Abyss:3)
  A great orb of eyes (Abyss:3)
  An ogre mage (Zig:4)
  10 spriggan air magi
  12 ice dragons
  4 ghost crabs
  8 vault guards (D:13)
  4 boulder beetles
  A jorogumo (Spider:3)
  A sphinx skeleton (Depths:3)
  10 dancing weapons
  3 two-headed ogres
  A death knight (D:15)
  6 alligators
  5 deep troll shamans
  5 death yaks
  20 demonic crawlers
  3 spriggan berserkers
  6 hell hogs
  9 tengu warriors
  7 thrashing horrors
  An orc high priest (Elf:1)
  2 vampire magi
  A titan zombie (Abyss:3)
  7 deep troll earth magi
  7 occultists
  A naga sharpshooter (Zig:8)
  5 shadow wraiths
  3 deep elf knights
  2 titan skeletons
  3 shock serpents
  Sonja (Lair:2)
  49 sun demons
  11 wretched stars
  A death drake (Zig:9)
  21 soul eaters
  21 hell knights
  23 sixfirhies
  3 pharaoh ants
  8 iron trolls
  7 skysharks
  6 spriggan druids
  2 goliath frogs
  A death drake (shapeshifter) (Abyss:2)
  A sun moth (Spider:3)
  64 large abominations
  4 skeletal warriors
  A spatial maelstrom (Abyss:2)
  3 orb spiders (Spider:4)
  7 glowing orange brains
  2 bog bodies (Swamp:1)
  4 swamp dragons
  A naga ritualist (Zig:8)
  13 deep trolls
  12 shadow demons
  5 necromancers
  3 arcanists
  2 obsidian statues (Zig:1)
  2 orange crystal statues (Zig:1)
  3 tengu zombies (Depths:3)
  5 deep elf archers
  A phantasmal warrior (D:15)
  9 deep elf pyromancers
  2 manticores
  8 orc knights
  10 shining eyes
  2 mana vipers
  Maurice (D:7)
  7 deep elf zephyrmancers
  3 orc sorcerers
  A faun (shapeshifter) (Depths:2)
  7 wolf spiders
  3 worldbinders
  35 ugly things
  A stone giant skeleton (Abyss:3)
  2 steelbarb worms
  2 shining eyes (shapeshifter)
  2 will-o-the-wisps (Swamp:2)
  A salamander (shapeshifter) (D:15)
  19 elephants
  5 cyclopes
  2 apocalypse crabs (Abyss:3)
  3 rust devils
  7 moths of wrath
  44 smoke demons
  2 eyes of devastation
  2 naga magi (Zig:8)
  7 black mambas
  5 kobold blastminers
  A guardian serpent (Zig:8)
  4 gargoyles
  18 orange demons
  19 cane toads
  A centaur skeleton (Pan)
  6 unseen horrors
  16 rime drakes
  4 torpor snails
  9 komodo dragons
  A kobold demonologist (D:11)
  4 efreet
  A spark wasp simulacrum (Depths:3)
  A dire elephant skeleton (Pan)
  3 yaktaurs (D:15)
  5 freezing wraiths
  4 ice devils
  6 tormentors
  5 ancient zymes
  2 guardian mummies (Zig:6)
  5 tengu conjurers
  3 red devils (Pan)
  2 bloated husks
  28 hellwings
  5 polar bears
  5 trolls
  12 wind drakes (Pan)
  6 tarantellas
  13 hornets
  3 harpy skeletons
  4 dream sheep (Lair:5)
  8 tyrant leeches
  A hydra skeleton (Pan)
  4 glass eyes
  24 raiju
  A frost giant simulacrum (Depths:3)
  38 blink frogs
  5 jumping spiders
  56 slime creatures
  A flying skull (Abyss:2)
  A shadow (D:11)
  16 small abominations
  A culicivora (shapeshifter) (D:13)
  9 culicivoras
  17 wyverns
  13 spriggans
  2 air elementals (Zig:7)
  4 water elementals
  48 yaks
  3 vampires
  A dire elephant simulacrum (Abyss:3)
  5 hogs (Lair:3)
  36 ynoxinuls
  2 wraiths
  Grum (Bailey)
  An ushabti (Zig:6)
  3 basilisks
  2 fire bats
  A golden eye (Zig:10)
  2 wargs
  5 vampire mosquitoes (Lair:5)
  30 neqoxecs
  4 swamp worm simulacra (Swamp:4)
  A glowing shapeshifter zombie (Depths:3)
  A spatial vortex (Abyss:2)
  20 redbacks
  15 swamp worms
  20 chaos spawn
  2 nagas (Zig:8)
  4 acid dragons
  13 hydra simulacra (Swamp:4)
  5 hell hounds (Pan)
  15 water moccasins
  2 naga skeletons (Pan)
  43 orc warriors
  3 sky beasts
  2 swamp drakes
  5 ice beasts
  8 ogres
  14 centaurs
  23 wolves
  2 phantoms (D:7)
  7 kobold brigands
  12 bullfrogs
  12 gnoll sergeants
  3 brain worms (Abyss:3)
  Blork the orc (D:6)
  An earth elemental (Elf:1)
  A scorpion (D:6)
  A two-headed ogre simulacrum (Abyss:3)
  20 wights
  11 killer bees
  4 electric eels
  5 howler monkeys
  4 crimson imps (Pan)
  A jelly (D:4)
  A quasit (Abyss:2)
  3 hounds
  8 gnoll boudas
  19 orc priests
  An iron imp (Abyss:3)
  19 starcursed masses
  4 sleepcaps
  4 iguanas
  19 hell rats
  11 orc wizards
  7 mummies (Zig:6)
  Robin (D:4)
  51 gnolls
  8 adders
  4 river rats (Sewer)
  3 shadow imps
  5 white imps
  An ufetubus (Abyss:3)
  A swamp drake simulacrum (Swamp:4)
  7 worms
  A dart slug (D:1)
  70 orcs
  6 endoplasms
  4 giant cockroaches
  10 goblins
  6 hobgoblins
  5 jackals (D:1)
  A quokka (D:1)
  8 ball pythons
  6 bats
  3 frilled lizards
  24 kobolds
  10 rats
  2 butterflies (Lair:3)
  2 lurking horrors (Abyss:3)
  A spectral weapon (Spider:2)
  5 starspawn tentacles
2269 creatures vanquished.

Vanquished Creatures (collateral kills)
  A deep elf blademaster (Elf:3)
  3 Orb Guardians (Zot:5)
  A shadow dragon (Zot:5)
  A rockslime (Slime:5)
  A deep elf sorcerer (Elf:3)
  A deep elf elementalist (Elf:3)
  A yellow draconian (Zot:5)
  2 deep elf high priests (Elf:3)
  3 deep elf knights (Elf:3)
  A deep elf archer (Elf:3)
  A deep elf zephyrmancer (Elf:3)
  A deep elf pyromancer (Elf:3)
  An eye of devastation (Slime:5)
  A fire elemental (Elf:3)
  A gnoll bouda (D:6)
  3 gnolls (D:6)
23 creatures vanquished.

Vanquished Creatures (others)
  A dread lich (Zot:5)
  2 ancient liches (Zot:5)
  An orb of fire (Zot:5)
  4 Killer Klowns (Zot:5)
  2 electric golems (Zot:5)
  9 Orb Guardians (Zot:5)
  A deep elf master archer (Elf:3)
  2 titans (Pan)
  An eldritch tentacle (Pan)
  A death cob (Zot:5)
  A storm dragon (Zot:5)
  A fenstrider witch (Zot:5)
  A draconian monk (Zot:5)
  A deep elf sorcerer (Elf:3)
  A protean progenitor (Zot:5)
  3 deep elf elementalists (Elf:3)
  A draconian scorcher (Zot:5)
  A demonspawn blood saint (Pan)
  A broodmother (Spider:4)
  2 deep elf demonologists (Elf:3)
  A purple draconian (Zot:5)
  A deep elf annihilator (Elf:3)
  A deep elf death mage (Elf:3)
  A black draconian (Zot:5)
  A spark wasp (Zot:5)
  A blizzard demon (Pan)
  2 deep elf high priests (Elf:3)
  A rakshasa (Pan)
  2 jorogumos (Zot:5)
  2 deep elf archers (Elf:3)
  A deep elf pyromancer (Elf:3)
  A moth of wrath (Zot:5)
  A bloated husk (Swamp:3)
  3 wind drakes (Pan)
  2 hellwings (Pan)
  2 ynoxinuls (Pan)
  A wyvern (D:11)
  A swamp worm (Swamp:4)
  2 orc warriors (Orc:2)
  A centaur (Orc:2)
  An orc (Orc:2)
  2 foxfires (Swamp:2)
  8 starspawn tentacles
76 creatures vanquished.

Grand Total: 2368 creatures vanquished

Notes
Turn   | Place    | Note
-------+----------+-------------------------------------------
     0 | D:1      | Kearsarge the Merfolk Fighter began the quest for the Orb.
     0 | D:1      | Reached XP level 1. HP: 18/18 MP: 1/1
   132 | D:1      | Reached XP level 2. HP: 24/24 MP: 2/2
   410 | D:1      | Reached XP level 3. HP: 24/30 MP: 3/3
   624 | D:2      | Found a faded altar of an unknown god.
   862 | D:2      | Found an ornate altar of the Wu Jian Council.
  1061 | D:2      | Reached skill level 1 in Shapeshifting
  1083 | D:2      | Found Pepuplibb's Antique Armour Boutique.
  1297 | D:3      | Reached XP level 4. HP: 37/37 MP: 4/4
  1954 | D:4      | Reached XP level 5. HP: 39/42 MP: 5/5
  1966 | D:4      | Noticed Robin
  2084 | D:4      | Killed Robin
  2146 | D:4      | Reached skill level 5 in Shapeshifting
  2202 | D:4      | Found a glowing drain.
  2206 | D:4      | Reached XP level 6. HP: 46/48 MP: 6/6
  2219 | Sewer    | Entered a sewer
  2588 | Sewer    | Reached XP level 7. HP: 48/53 MP: 7/7
  3310 | D:4      | Found Cevves's Distillery.
  3318 | D:4      | Bought a potion of heal wounds for 70 gold pieces
  3397 | D:5      | Entered Level 5 of the Dungeon
  3646 | D:5      | Reached XP level 8. HP: 60/60 MP: 8/8
  3731 | D:5      | Reached skill level 10 in Shapeshifting
  3731 | D:5      | Reached skill level 1 in Unarmed Combat
  4127 | D:5      | Reached skill level 5 in Fighting
  4196 | D:5      | Found an opulent altar of Gozag.
  4209 | D:5      | Became a worshipper of Gozag Ym Sagoz the Greedy
  4313 | D:5      | Reached skill level 5 in Unarmed Combat
  4624 | D:5      | Found a staircase to the Ecumenical Temple.
  4830 | D:6      | Found Fadd's Assorted Antiques.
  4838 | D:6      | Bought a glowing yellow potion for 27 gold pieces
  4930 | D:6      | Reached XP level 9. HP: 65/69 MP: 9/9
  5394 | D:6      | Noticed Blork the orc
  5401 | D:6      | Killed Blork the orc
  6080 | D:7      | Noticed Maurice
  6110 | D:7      | Something stole a serpent talisman
  6111 | D:7      | Something stole a ring of wizardry
  6114 | D:7      | Something stole 3 throwing nets
  6116 | D:7      | Something stole 244 gold
  6117 | D:7      | Something stole 228 gold
  6123 | D:7      | Killed Maurice
  6124 | D:7      | Reached XP level 10. HP: 29/80 MP: 0/10
  6781 | D:8      | Reached skill level 10 in Unarmed Combat
  7364 | D:8      | Reached skill level 10 in Fighting
  7476 | D:8      | Found a bloodstained altar of Trog.
  7636 | D:9      | Found a flagged portal.
  7650 | Bailey   | Entered a bailey
  8129 | Bailey   | Noticed Grum
  8142 | Bailey   | Killed Grum
  8373 | Bailey   | Reached XP level 11. HP: 66/92 MP: 11/11
  8623 | Bailey   | Identified the +9 arbalest of the Fool {elec, rC+}
  8664 | Bailey   | Identified a scroll of acquirement
  8664 | Bailey   | Acquired a manual of Shapeshifting
  8707 | D:9      | Bought a storm talisman for 800 gold pieces
  8722 | D:9      | Noticed a two-headed ogre
  8732 | D:9      | Killed a two-headed ogre
  8841 | D:9      | Noticed a two-headed ogre
  8846 | D:9      | Killed a two-headed ogre
  8957 | D:9      | Identified the +5 ring mail of Ru's Hatred {rC- rCorr Str+2
                  | Dex+6}
  9260 | D:9      | Noticed a manticore
  9265 | D:9      | Killed a manticore
  9973 | D:10     | Entered Level 10 of the Dungeon
 10039 | D:10     | Reached skill level 15 in Shapeshifting
 10337 | D:10     | Found a staircase to the Lair.
 11569 | D:11     | Noticed a skeletal warrior
 11569 | D:11     | Noticed a skeletal warrior
 11569 | D:11     | Noticed a skeletal warrior
 11623 | D:11     | Found an iron altar of Okawaru.
 11623 | D:11     | Noticed a vampire knight
 11623 | D:11     | Noticed a tengu reaver
 11623 | D:11     | Noticed a vampire knight
 11623 | D:11     | Noticed a tengu reaver
 11623 | D:11     | Noticed a tengu warrior
 11623 | D:11     | Noticed a tengu warrior
 11700 | D:11     | Reached XP level 12. HP: 99/100 MP: 12/12
 11769 | D:11     | Found a runed translucent gate.
 11806 | D:11     | Noticed Ozzieoiler's ghost (journeyman DjFE)
 11807 | D:11     | Found a runed translucent gate.
 11807 | D:11     | Noticed a boulder beetle
 11808 | D:11     | Found a runed translucent gate.
 11808 | D:11     | Noticed a boulder beetle
 11808 | D:11     | Noticed a two-headed ogre
 12824 | D:11     | Killed a tengu warrior
 12925 | D:11     | Killed a tengu warrior
 13009 | D:11     | Identified the +5 lajatang of Valour {spect, *Slow Int+6
                  | Dex+5}
 13101 | D:12     | Found Gacotzet's Armour Shop.
 13101 | D:12     | Found a staircase to the Orcish Mines.
 14061 | D:12     | You fall into a shaft and drop 2 floors!
 14261 | D:14     | Noticed a tengu warrior
 14266 | D:14     | Killed a tengu warrior
 14283 | D:14     | Noticed a tengu warrior
 14298 | D:14     | Killed a tengu warrior
 14299 | D:14     | Reached XP level 13. HP: 106/106 MP: 13/13
 14364 | D:13     | Noticed a minotaur
 14365 | D:13     | Noticed Hicry's ghost (journeyman TrSh)
 14373 | D:13     | Found a runed translucent gate.
 14374 | D:13     | Found a runed translucent gate.
 14561 | Orc:1    | Entered Level 1 of the Orcish Mines
 14564 | Orc:1    | Bought a scroll of identify for 36 gold pieces
 14564 | Orc:1    | Bought a scroll of identify for 36 gold pieces
 14564 | Orc:1    | Bought a scroll of identify for 36 gold pieces
 14792 | Orc:1    | Found a transporter.
 14796 | Orc:1    | Noticed an orc warlord
 14800 | Orc:1    | Noticed a stone giant
 15223 | Orc:1    | Found a transporter.
 15305 | Orc:2    | Entered Level 2 of the Orcish Mines
 15305 | Orc:2    | Found a staircase to the Elven Halls.
 15625 | Orc:2    | Found Zidigu Vemo's Armour Emporium.
 15626 | Orc:2    | Found Taesof's General Store.
 15626 | Orc:2    | Found Istrif's Antique Armour Shoppe.
 15645 | Orc:2    | Found Meteh's Magic Scroll Shop.
 15729 | Orc:2    | Got a glittering gem
 15759 | Orc:2    | Bought a scroll of summoning for 123 gold pieces
 15759 | Orc:2    | Bought a scroll of teleportation for 39 gold pieces
 15759 | Orc:2    | Bought a potion of attraction for 39 gold pieces
 15761 | Orc:2    | Bought a scroll of revelation for 127 gold pieces
 15761 | Orc:2    | Bought a scroll of poison for 68 gold pieces
 15761 | Orc:2    | Bought a scroll of teleportation for 51 gold pieces
 15761 | Orc:2    | Bought a scroll of fog for 68 gold pieces
 15787 | Orc:2    | Lost the glittering gem through Zot's cruel spite.Buggy
                  | note description: unknown note type
 16092 | Orc:2    | Found Jeowurra's Antique Armour Boutique.
 16268 | Lair:1   | Entered Level 1 of the Lair of Beasts
 16378 | Lair:2   | Noticed Sonja
 16381 | Lair:2   | Killed Sonja
 16392 | Lair:2   | Reached skill level 1 in Dodging
 16646 | Lair:5   | Entered Level 5 of the Lair of Beasts
 16652 | Lair:5   | Reached skill level 5 in Dodging
 16682 | Lair:5   | Reached XP level 14. HP: 98/113 MP: 14/14
 16740 | Lair:5   | Reached skill level 10 in Dodging
 16914 | Lair:5   | Got an earthy gem
 16920 | Lair:5   | Identified the +3 short sword of Dishonour {freeze, rF+
                  | Will+}
 16927 | Lair:5   | Identified the ring of Enelinol {rPois Str+6 Slay+3}
 17284 | Lair:5   | Reached skill level 15 in Dodging
 17695 | Lair:4   | Reached XP level 15. HP: 113/119 MP: 15/15
 18048 | Lair:3   | Noticed Kirke
 18062 | Lair:3   | Killed Kirke
 18533 | Lair:2   | Found a staircase to the Swamp.
 18540 | Swamp:1  | Entered Level 1 of the Swamp
 18545 | Swamp:1  | Bought a scroll labelled ZOAXIL ESOMAFO for 29 gold pieces
 18545 | Swamp:1  | Bought a potion of curing for 87 gold pieces
 18606 | Swamp:1  | You are sucked into a shaft and drop 1 floor!
 18947 | Swamp:2  | Acquired a manual of Unarmed Combat
 19241 | Swamp:4  | Entered Level 4 of the Swamp
 19266 | Swamp:4  | Reached XP level 16. HP: 95/133 MP: 16/16
 19272 | Swamp:4  | Reached skill level 15 in Unarmed Combat
 19999 | Swamp:4  | Reached skill level 15 in Fighting
 20244 | Swamp:4  | Got a decaying rune of Zot
 20247 | Swamp:4  | Got a mossy gem
 20675 | Lair:2   | Found a hole to the Spider Nest.
 20693 | Spider:1 | Entered Level 1 of the Spider Nest
 20907 | Spider:2 | Identified the +3 kite shield of the Tuna {rF- rC++ Int+2}
 20907 | Spider:2 | Noticed Asterion
 20920 | Spider:2 | Noticed an Executioner
 20920 | Spider:2 | Killed Asterion
 21217 | Spider:4 | Entered Level 4 of the Spider Nest
 21283 | Spider:4 | Reached XP level 17. HP: 138/142 MP: 17/17
 21355 | Spider:4 | Got a gossamer rune of Zot
 21356 | Spider:4 | Got a milky-white gem
 22130 | Elf:1    | Entered Level 1 of the Elven Halls
 22772 | Elf:2    | Found a runed translucent gate.
 22772 | Elf:2    | Found a runed translucent gate.
 22773 | Elf:2    | Found a runed translucent gate.
 22846 | Elf:2    | Found Nunostro's General Store.
 22957 | Elf:3    | Entered Level 3 of the Elven Halls
 23130 | Elf:3    | Noticed a deep elf blademaster
 23133 | Elf:3    | Killed a deep elf blademaster
 23138 | Elf:3    | Noticed a deep elf master archer
 23139 | Elf:3    | Reached XP level 18. HP: 149/149 MP: 18/18
 23139 | Elf:3    | Noticed a deep elf blademaster
 23156 | Elf:3    | Killed a deep elf blademaster
 23212 | Elf:3    | Identified the ring "Ushrum" {^Contam MP+9 Int+6 Slay+4}
 23221 | Elf:3    | Got Sif Muna's Commentary on the Excursion
 23228 | Elf:3    | Identified the ring of Trepidation {rElec SInv}
 23236 | Elf:3    | Identified the staff "Arcanum" {Dex+7 Conj}
 23259 | Elf:3    | Identified the +3 long sword of Pukadwee {protect, rC+
                  | Will- MP+9 Int+3}
 23283 | Elf:3    | Identified the +7 halberd "Ischa" {chaos, +Blink Will++
                  | Stlth-}
 23312 | Elf:3    | Got Ytzisumu's Incunabulum of Roasted Trauma
 23331 | Elf:3    | Identified the +1 leather armour "Edebuiba" {-Cast rF+
                  | Slay+4}
 23337 | Elf:3    | Got the Omnibus of Slime
 23343 | Elf:3    | Got a shimmering gem
 23383 | Elf:3    | Found the +7 great mace "Firestarter" {flame, immolate,
                  | rFlCloud rF++}
 23399 | Elf:3    | Identified the +0 ring mail of Xyj Toc {Harm rN+ Will-}
 23412 | Elf:3    | Got Gell's Secrets of Angles
 23416 | Elf:3    | Identified the amulet of Toethual {Regen+ rCorr Dex+3}
 23667 | D:13     | Got the Discourse on Space
 23908 | D:13     | Found a runed translucent gate.
 23942 | D:13     | Killed Hicry's ghost
 23958 | D:13     | Acquired 1042 gold pieces
 23990 | D:13     | Found a gate to the Vaults.
 24056 | D:14     | Identified the +2 ring mail of Generosity {rElec}
 24684 | D:14     | Bought a potion of haste for 140 gold pieces
 24684 | D:14     | Bought 2 potions of heal wounds for 140 gold pieces
 24684 | D:14     | Bought a potion of heal wounds for 70 gold pieces
 24684 | D:14     | Bought 2 potions of haste for 280 gold pieces
 24689 | D:15     | Entered Level 15 of the Dungeon
 24784 | D:15     | Identified the +1 helmet "Fenukk" {rCorr Int+4 Stlth+}
 25076 | D:15     | Found a gate leading to a gauntlet.
 25085 | Gauntlet | Entered a Gauntlet
 25085 | Gauntlet | Found a transporter.
 25085 | Gauntlet | Found a transporter.
 25085 | Gauntlet | Found a transporter.
 25088 | Gauntlet | Found a transporter.
 25089 | Gauntlet | Found a transporter.
 25099 | Gauntlet | Found a transporter.
 25165 | Gauntlet | Found a transporter.
 25177 | Gauntlet | Found a transporter.
 25190 | Gauntlet | Found a transporter.
 25202 | Gauntlet | Found a transporter.
 25215 | Gauntlet | Found a transporter.
 25221 | Gauntlet | Found a transporter.
 25298 | Gauntlet | Identified the +0 pair of boots of Daisies {rF+ Will+
                  | Int+3}
 25307 | Gauntlet | Identified the ring of False Pretenses {^Drain Int+4 Dex+2
                  | SInv}
 25382 | Gauntlet | Identified the ring "Wilavavi" {Will++ Str+3 SInv}
 25417 | Gauntlet | Identified the +1 robe "Wostopp" {rPois Str-2 Dex+2}
 25431 | D:15     | Found a staircase to the Depths.
 25608 | D:15     | Found the +8 pair of quick blades "Gyre" and "Gimble"
                  | {protect}
 25855 | Lair:1   | Found a blossoming altar of Fedhas.
 26119 | Lair:4   | Found a viscous altar of Jiyva.
 26119 | Lair:4   | Found a staircase to the Slime Pits.
 26129 | Slime:1  | Entered Level 1 of the Pits of Slime
 26497 | Slime:4  | Reached XP level 19. HP: 155/155 MP: 19/19
 26508 | Slime:5  | Entered Level 5 of the Pits of Slime
 26579 | Slime:5  | Gained mutation: You passively dampen the noise of your
                  | surroundings. [a shining eye]
 26628 | Slime:5  | Noticed the Royal Jelly
 26661 | Slime:5  | Killed the Royal Jelly
 26712 | Slime:5  | Identified the ring "Mifae" {rElec rPois Will++ rCorr
                  | Str-5}
 26750 | Slime:5  | Got a slimy rune of Zot
 26765 | Slime:5  | Identified the ring "Paril" {Ice *Corrode +Blink Will+++
                  | Int+2}
 26791 | Slime:5  | Identified the +0 leather armour of Light {rF+}
 26832 | Slime:5  | Identified the +9 mace "Cerphoan" {heavy, *Rage rElec
                  | Str+6}
 27190 | Depths:1 | Entered Level 1 of the Depths
 27216 | Depths:1 | Found a one-way gate to the infinite horrors of the Abyss.
 27320 | Depths:1 | Found a one-way gate leading to the halls of Pandemonium.
 28251 | Depths:2 | Reached XP level 20. HP: 166/166 MP: 20/20
 28431 | Depths:2 | Noticed Norris
 28439 | Depths:2 | Killed Norris
 28804 | Depths:2 | Found a gateway to Hell.
 28875 | Depths:2 | Found a white marble altar of Elyvilon.
 29281 | Depths:3 | Noticed a caustic shrike
 29281 | Depths:3 | Noticed a caustic shrike
 29281 | Depths:3 | Noticed a caustic shrike
 29281 | Depths:3 | Noticed a caustic shrike
 29296 | Depths:3 | Killed a caustic shrike
 29297 | Depths:3 | Killed a caustic shrike
 29302 | Depths:3 | Killed a caustic shrike
 29308 | Depths:3 | Killed a caustic shrike
 29415 | Depths:3 | Identified the +6 great sword of Kyuru {protect, Int+2}
 29907 | Depths:3 | Reached XP level 21. HP: 162/178 MP: 21/21
 29933 | Depths:3 | Identified the +6 plate armour of Otubik {rF+ Str+3 Int-2}
 30035 | Depths:3 | Found a one-way gateway to a ziggurat.
 30052 | Zig:1    | Entered Level 1 of a ziggurat
 30120 | Zig:2    | Entered Level 2 of a ziggurat
 30161 | Zig:3    | Entered Level 3 of a ziggurat
 30185 | Zig:3    | Reached XP level 22. HP: 66/188 MP: 22/22
 30186 | Zig:3    | Identified the +0 shadow dragon scales "Fagiryir" {rPois
                  | rF++ Will- Str+2 Stlth++++}
 30279 | Zig:4    | Entered Level 4 of a ziggurat
 30287 | Zig:4    | Identified the +1 hand axe of Ummu {spect, rElec rC- Dex+5}
 30301 | Zig:4    | Identified the +2 chain mail of the Cockatrice {rCorr}
 30304 | Zig:5    | Entered Level 5 of a ziggurat
 30308 | Zig:5    | Found the +3 giant club "Skullcrusher" {speed, Str+7}
 30355 | Zig:6    | Entered Level 6 of a ziggurat
 30542 | Zig:6    | Identified the +5 orcbow "Wabaetog" {antimagic, rElec rF+
                  | Int+2}
 30577 | Zig:7    | Entered Level 7 of a ziggurat
 30653 | Zig:7    | Identified the amulet of Dytaic {Faith Int+2}
 30657 | Zig:7    | Got the Spellbook of Leadership
 30695 | Zig:8    | Entered Level 8 of a ziggurat
 30703 | Zig:8    | Found the +6 arbalest "Damnation" {damnation}
 30731 | Zig:8    | Identified the +3 robe of Qiyde {rPois rF+}
 30736 | Zig:8    | Got the Reference Book on the Discharge
 30742 | Zig:8    | Got the Directory of the Red Fault
 30777 | Zig:9    | Entered Level 9 of a ziggurat
 30781 | Zig:9    | Noticed a golden dragon
 30790 | Zig:9    | Killed a golden dragon
 30843 | Zig:9    | Identified the +5 great sword "Qaongua" {flame, ^Contam
                  | Str+3 Stlth+}
 30868 | Zig:10   | Entered Level 10 of a ziggurat
 30878 | Zig:10   | Gained mutation: Armour fits poorly on your strangely
                  | shaped body. [a shining eye]
 30938 | Zig:10   | Identified the +2 dagger "Hausimon" {freeze, *Corrode rPois
                  | rC+++ Int+2}
 30944 | Zig:10   | Got the Vellum of Dogma
 30954 | Zig:10   | Reached skill level 27 in Shapeshifting
 30954 | Zig:10   | Reached XP level 23. HP: 198/198 MP: 23/23
 31034 | Depths:4 | Entered Level 4 of the Depths
 31310 | Depths:4 | Found a gate to the Realm of Zot.
 31453 | Depths:4 | Identified the +9 short sword of Sunlight {protect, rC+
                  | MP+9}
 31655 | Depths:4 | Reached XP level 24. HP: 210/210 MP: 23/23
 32205 | Depths:4 | Bought the ring "Voiq" {*Corrode Fly rElec rF+ rN+ Slay+2}
                  | for 1058 gold pieces
 32215 | Pan      | Entered Pandemonium
 32374 | Pan      | Noticed Watergh the pandemonium lord
 32387 | Pan      | Killed Watergh the pandemonium lord
 32408 | Pan      | Identified the +1 spear of the Squeaky God {antimagic,
                  | Int+7}
 32418 | Pan      | Gained mutation: You are clumsy. (Dex -2) [a cacodemon]
 32732 | Pan      | Entered the realm of Mnoleg.
 32740 | Pan      | Gained mutation: You have a pair of small antennae on your
                  | head. [a neqoxec]
 32805 | Pan      | Noticed Mnoleg
 32805 | Pan      | Gained mutation: You sometimes lose your temper in combat.
                  | [a cacodemon]
 32844 | Pan      | Killed Mnoleg
 32900 | Pan      | Got a glowing rune of Zot
 32963 | Pan      | Gained mutation: You occasionally lose the ability to read
                  | scrolls when taking damage. [a neqoxec]
 33067 | Pan      | Gained mutation: Your body sometimes deteriorates upon
                  | taking damage. [a neqoxec]
 33068 | Pan      | Gained mutation: Your body often deteriorates upon taking
                  | damage. [a neqoxec]
 33136 | Pan      | Lost mutation: You have a pair of small antennae on your
                  | head. [potion of mutation]
 33136 | Pan      | Lost mutation: Your body often deteriorates upon taking
                  | damage. [potion of mutation]
 33136 | Pan      | Lost mutation: You sometimes lose your temper in combat.
                  | [potion of mutation]
 33136 | Pan      | Gained mutation: You are very clumsy. (Dex -4) [potion of
                  | mutation]
 33136 | Pan      | Gained mutation: You are partially covered in large bone
                  | plates. (SH +4) [potion of mutation]
 33137 | Pan      | Lost mutation: You are very clumsy. (Dex -4) [potion of
                  | mutation]
 33137 | Pan      | Lost mutation: You are partially covered in large bone
                  | plates. (SH +4) [potion of mutation]
 33137 | Pan      | Gained mutation: Your health recovers twice as slowly from
                  | being drained. [potion of mutation]
 33137 | Pan      | Gained mutation: You are partially covered in iridescent
                  | scales. (AC +2) [potion of mutation]
 33137 | Pan      | Gained mutation: Your movements are slightly less
                  | encumbered by armour. (ER -2) [potion of mutation]
 33138 | Pan      | Lost mutation: You are clumsy. (Dex -2) [potion of
                  | mutation]
 33138 | Pan      | Lost mutation: Your movements are slightly less encumbered
                  | by armour. (ER -2) [potion of mutation]
 33138 | Pan      | Lost mutation: You passively dampen the noise of your
                  | surroundings. [potion of mutation]
 33138 | Pan      | Gained mutation: Your mind is acute. (Int +4, Str/Dex -1)
                  | [potion of mutation]
 33138 | Pan      | Gained mutation: You are covered in fur. (AC +1) [potion of
                  | mutation]
 33139 | Pan      | Lost mutation: You are partially covered in iridescent
                  | scales. (AC +2) [potion of mutation]
 33139 | Pan      | Lost mutation: You occasionally lose the ability to read
                  | scrolls when taking damage. [potion of mutation]
 33139 | Pan      | Lost mutation: Your health recovers twice as slowly from
                  | being drained. [potion of mutation]
 33139 | Pan      | Gained mutation: You have sharp fingernails. [potion of
                  | mutation]
 33139 | Pan      | Gained mutation: Your mind is very acute. (Int +8, Str/Dex
                  | -2) [potion of mutation]
 33149 | Pan      | Noticed Plog the pandemonium lord
 33165 | Pan      | Killed Plog the pandemonium lord
 33205 | Pan      | Entered the realm of Lom Lobon.
 33254 | Pan      | Found an exit through the horrors of the Abyss.
 33971 | Pan      | Noticed Lom Lobon
 34124 | Pan      | Got a magical rune of Zot
 34273 | Pan      | Entered the realm of Gloorx Vloq.
 34279 | Pan      | Reached XP level 25. HP: 211/229 MP: 23/23
 34727 | Pan      | Reached skill level 1 in Stealth
 34756 | Pan      | Noticed Gloorx Vloq
 34786 | Pan      | Killed Gloorx Vloq
 34987 | Pan      | Got a dark rune of Zot
 35040 | Pan      | Entered the realm of Cerebov.
 35040 | Pan      | Found the +6 sword of Cerebov {flame}
 35040 | Pan      | Noticed Cerebov
 35062 | Pan      | Reached skill level 5 in Stealth
 35070 | Pan      | Killed Cerebov
 35083 | Pan      | Got a fiery rune of Zot
 35261 | Pan      | Identified the +8 glaive of the Lusting Madman {flame,
                  | ^Contam rCorr Dex+4}
 35263 | Pan      | Identified the +4 orcbow of Uzetit {freeze, rPois}
 35286 | Pan      | Identified the granite talisman of the Bells {rN++}
 35288 | Pan      | Identified the +0 dagger of Hubris {protect, rN+ MP+9 Dex+5
                  | Stlth-}
 35327 | Pan      | Identified the +4 arbalest of Laceration {antimagic,
                  | ^Fragile rElec Str+4}
 35666 | Pan      | Noticed Miagic the pandemonium lord
 35668 | Pan      | Killed Miagic the pandemonium lord
 35810 | Pan      | Gained mutation: You are weak. (Str -2) [a neqoxec]
 35886 | Pan      | Gained mutation: Your spells are a little easier to cast,
                  | but a little less powerful. [a neqoxec]
 36188 | Pan      | Reached XP level 26. HP: 238/238 MP: 23/23
 36445 | Pan      | Noticed Pejuit the pandemonium lord
 36457 | Pan      | Killed Pejuit the pandemonium lord
 36631 | Pan      | Found an exit through the horrors of the Abyss.
 36667 | Pan      | Reached skill level 10 in Stealth
 37076 | Pan      | Noticed Senoshri the pandemonium lord
 37091 | Pan      | Killed Senoshri the pandemonium lord
 37264 | Pan      | Found an exit through the horrors of the Abyss.
 37666 | Pan      | Found an exit through the horrors of the Abyss.
 37727 | Pan      | Noticed Jouhom the pandemonium lord
 38021 | Pan      | Noticed Esuytz the pandemonium lord
 38060 | Pan      | Killed Esuytz the pandemonium lord
 38360 | Pan      | Noticed Rif Puum the pandemonium lord
 38373 | Pan      | Killed Rif Puum the pandemonium lord
 38397 | Pan      | Got a demonic rune of Zot
 38427 | Pan      | Noticed Ifath the pandemonium lord
 38436 | Pan      | Killed Ifath the pandemonium lord
 38592 | Pan      | Found an exit through the horrors of the Abyss.
 38606 | Pan      | Took an exit into the Abyss.
 38606 | Abyss:1  | Escaped into the Abyss
 38608 | Abyss:1  | Found a corrupted altar of Lugonu.
 38790 | Abyss:2  | Found a corrupted altar of Lugonu.
 38829 | Abyss:2  | Reached XP level 27. HP: 245/245 MP: 23/23
 38900 | Abyss:2  | Found a corrupted altar of Lugonu.
 38964 | Abyss:2  | Gained mutation: You are clumsy. (Dex -2) [a neqoxec]
 39147 | Abyss:2  | Noticed a dread lich
 39156 | Abyss:2  | Killed a dread lich
 39335 | Abyss:3  | Found a corrupted altar of Lugonu.
 39353 | Abyss:3  | Found a corrupted altar of Lugonu.
 39440 | Abyss:3  | Found a corrupted altar of Lugonu.
 39497 | Abyss:3  | Found a corrupted altar of Lugonu.
 39892 | Abyss:3  | Gained mutation: You occasionally lose the ability to read
                  | scrolls when taking damage. [a neqoxec]
 39896 | Abyss:3  | Lost mutation: You are weak. (Str -2) [a neqoxec]
 40035 | Abyss:3  | Found a corrupted altar of Lugonu.
 40154 | Abyss:3  | Reached skill level 27 in Unarmed Combat
 40186 | Abyss:3  | Noticed a dread lich
 40190 | Abyss:3  | Killed a dread lich
 40199 | Abyss:3  | Reached skill level 27 in Fighting
 40203 | Abyss:3  | Reached skill level 27 in Dodging
 40278 | Abyss:3  | Found a corrupted altar of Lugonu.
 40368 | Abyss:3  | Found a corrupted altar of Lugonu.
 40393 | Depths:4 | Escaped the Abyss
 40430 | Zot:1    | Entered Level 1 of the Realm of Zot
 40733 | Zot:5    | Entered Level 5 of the Realm of Zot
 40880 | Zot:5    | Got a prismatic gem
 40893 | Zot:5    | Noticed an ancient lich
 40907 | Zot:5    | Noticed an ancient lich
 40908 | Zot:5    | Noticed an orb of fire
 40912 | Zot:5    | Noticed a dread lich
 40939 | Zot:5    | Reached skill level 15 in Stealth
 40939 | Zot:5    | Noticed an orb of fire
 40941 | Zot:5    | Gained mutation: You expend magic power (3 MP) to
                  | strengthen your wands. [an orb of fire]
 40943 | Zot:5    | Got the Orb of Zot
 40963 | Zot:5    | Killed an orb of fire
 41088 | Zot:1    | Noticed Legilage the pandemonium lord
 41103 | Zot:1    | Killed Legilage the pandemonium lord
 41116 | Zot:1    | Noticed a seraph
 41653 | D:$      | Escaped with the Orb!

Illustrated notes

Levels and vault maps discovered:
D:1:      saegor_arrival_simple_a, layout_basic, dk_noncrumbling_4
D:2:      layout_loops_ring, basic_altar, ebering_ecumenical_altar_box,
          serial_shops, shop
D:3:      layout_rooms, roderic_serpentine_path
D:4:      layout_loops_ring, cheibrodos_sewer_entry_sluice, serial_shops, shop,
          kennysheep_generic_room_13, uniq_robin
D:5:      layout_cave_pools, nicolae_gozag_seed_capital, temple_hall
D:6:      layout_gridville, serial_shops, shop, uniq_blork_the_orc
D:7:      layout_cave_pools, uniq_maurice
D:8:      layout_cave_pools, trog_book
D:9:      layout_stronghold, enter_bailey_6, minmay_microvault
D:10:     layout_basic, hellmonk_lair_entry_icy
D:11:     layout_loops_ring, gammafunk_ghost_split,
          mainiacjoe_okawaru_digging_arena
D:12:     layout_rooms, orc_david_3
D:13:     layout_cave_pools, erik_vaults_2, maelrawn_ghost_gauntlet_escape
D:14:     layout_basic, chequers_jeans
D:15:     hangedman_depths_entry_civil_slaughter, layout_cave_pools,
          minmay_misc_feat_columns, gauntlet_entry_generic,
          hellmonk_guarded_unrand_gyre_and_gimble
Lair:1:   layout_chaotic_city, portal_ice_cave_entry_pillars_2, basic_altar
Lair:2:   layout_layer_cave, alex1729_swamp_entry_worm_eleionoma,
          dummy_spider_entry, chequers_serial_rivers_micro_b, uniq_sonja
Lair:3:   layout_loops_ring, chequers_serial_rivers_marsh,
          chequers_serial_rivers_micro_b, st_stairs_12, patterned_corridor,
          lemuel_fruit_fields, serial_bayou_shore_a, uniq_kirke
Lair:4:   layout_misc_corridors, slime_entry_1, special_room
          [special_room_mythical_zoo], infiniplex_staircase_pool_2,
          grunt_megastairs_1
Lair:5:   minmay_lair_end_frog_pond, layout_misc_corridors
Swamp:1:  layout_basic_swamp, nicolae_swamp_reclaimed_castle
Swamp:2:  layout_falls_marsh, evilmike_swamp_ruin_house_1
Swamp:3:  layout_falls_marsh, serial_swamp_ruin, evilmike_swamp_ruin_house_2,
          evilmike_swamp_ruin_house_3, swamp_pool_1_2
Swamp:4:  swamp_icy, layout_basic_swamp, kb_tengu_band
Spider:1: layout_chambers, nicolae_spider_bug_shape, uniq_roxanne,
          uniq_mlioglotl
Spider:2: layout_spider_delve, nicolae_spider_circle_web,
          nicolae_spider_swamp_cousins, uniq_asterion
Spider:3: layout_spider_delve, uniq_donald
Spider:4: guppyfry_spider_rune, drop_trap, guppyfry_spider_mini_1
Slime:1:  layout_caves
Slime:2:  nicolae_slime_infinislime, layout_caves
Slime:3:  layout_caves, cheibrodos_slime_lost_civilization_5
Slime:4:  layout_caves, nicolae_slime_rock_hall_of_fame
Slime:5:  slime_pit_nicolae_jellycorners
Orc:1:    gammafunk_beogh_shrine, layout_caves
Orc:2:    st_orc_rangers, layout_caves, serial_shops, nicolae_shop_statue_plus,
          abandoned_shop
Elf:1:    layout_loops_ring, special_room [special_room_orc],
          kennysheep_underground_church, lemuel_upstairs_altar
Elf:2:    nicolae_elf_blades_splatter_lattice [nicolae_blade_lattice],
          layout_loops_cross, serial_shops, shop
Elf:3:    minmay_elf_hall_golems, layout_rooms
Depths:1: layout_honeycomb, hell_entry, abyss_entry, fedhas_altar_3,
          grunt_pan_entry_in_and_out, kennysheep_generic_room_11,
          minmay_shoptagon, grunt_megastairs_3, uniq_saint_roka
Depths:2: hangedman_stitches_corridor, layout_basic, rand_demon_pan_entry_9,
          pf_coc_iceberg, abyss_entry_small_statue_room,
          nicolae_elyvilon_temple_path, hangedman_abyss_or_decor_stagger,
          due_unseen_surprise, uniq_norris
Depths:3: cheibrodos_spurs, layout_honeycomb, enter_ziggurat_d,
          grunt_metal_band, abyss_entry, minmay_misc_feat_rugged,
          infiniplex_staircase_pool_1
Depths:4: grunt_x_marks_the_spot, layout_honeycomb, hell_entry,
          hangedman_glass_teeth, pan_entry, serial_bayou_shore_b, uniq_grunn
Zot:1:    layout_concentric_octagons, regret_index_zotdec_onion_hex
Zot:2:    layout_misc_corridors, regret_index_zotdec_serpentine_scales,
          regret_index_zotdec_barnacled_alternative, zot_minivault_3,
          lemuel_elevator
Zot:3:    layout_cathedral_of_symmetry, regret_index_zotdec_misc_clamp,
          hellmonk_formless_pools, grunt_megastairs_2, uniq_josephina
Zot:4:    cheibrodos_zot_enchanting_chambers, layout_gridlike
Zot:5:    layout_twisted_circle, skrybe_zot_glass_1

Skill      XL: |  1  2  3  4  5  6  7  8  9 10 11 12 13 14 15 16 17 18 19 20 21 22 23 24 25 26 27 |
---------------+----------------------------------------------------------------------------------+-----
Polearms       | 3 4 |  4.3
Shapeshifting  | 1 3 5 7 9 10 17 20 23 25 26 27 | 27.0
Fighting       | 5 7 10 11 14 15 16 18 19 20 22 25 26 27 | 27.0
Unarmed Combat | 5 9 10 11 14 19 20 22 25 27 | 27.0
Dodging        | 7 15 20 24 25 27 | 27.0
Stealth        | 8 10 16 | 16.5
Armour         | |  2.1
Shields        | |  3.0

Action                     |  1- 3 |  4- 6 |  7- 9 | 10-12 | 13-15 | 16-18 | 19-21 | 22-24 | 25-27 || total
---------------------------+-------+-------+-------+-------+-------+-------+-------+-------+-------++-------
  Melee: Trident           |   123 |   127 |       |       |       |       |       |       |       ||   250
         Unarmed           |       |    40 |   288 |   506 |   644 |   558 |   444 |   543 |  1450 ||  4473
         Constrict         |       |     9 |    59 |   111 |     6 |       |       |       |       ||   185
         Tailslap          |       |     1 |       |       |       |       |       |       |       ||     1
         Punch             |       |       |       |       |    34 |    57 |    59 |    83 |   114 ||   347
 Invoke: Call Merchant     |       |       |       |     1 |     4 |     2 |       |     2 |       ||     9
         Potion Petition   |       |       |       |       |       |     1 |     3 |     2 |     6 ||    12
         Bribe Branch      |       |       |       |       |       |     1 |       |       |     2 ||     3
Ability: Blinkbolt         |       |       |       |       |    34 |    47 |    32 |    46 |    37 ||   196
  Evoke: Wand              |       |     2 |     4 |     6 |       |     1 |     1 |     2 |     3 ||    19
         Lightning rod     |       |       |       |       |       |       |     4 |       |       ||     4
         Phantom mirror    |       |       |       |       |       |       |     1 |       |       ||     1
    Use: Scroll            |       |     9 |     9 |     9 |     7 |     9 |     7 |     7 |    21 ||    78
         Potion            |       |       |     4 |     7 |     3 |     4 |     6 |    10 |     5 ||    39
   Stab: Invisible         |       |     2 |     1 |     5 |     7 |       |       |       |       ||    15
         Sleeping          |       |       |       |     2 |     1 |       |     1 |       |     6 ||    10
         Distracted        |       |       |       |       |    10 |     8 |     7 |    10 |    44 ||    79
         Confused          |       |       |       |       |       |       |       |       |     1 ||     1
 Armour: Scale mail        |    42 |    55 |       |       |       |       |       |       |       ||    97
         Skin              |       |    19 |   200 |   440 |   121 |   111 |   100 |   117 |   599 ||  1707
  Dodge: Dodged            |    39 |    55 |   130 |   300 |   653 |   603 |   472 |   600 |  1897 ||  4749
  Block: Buckler           |    23 |    23 |       |       |       |       |       |       |   366 ||   412
   Form: Serpent           |       |     1 |       |       |       |       |       |       |       ||     1
         Storm             |       |       |       |       |     1 |       |       |       |     1 ||     2
         Statue            |       |       |       |       |       |       |       |       |     1 ||     1

Table legend: (Time is in decaauts)
 A = Elapsed time spent in this place.
 B = Non-inter-level travel time spent in this place.
 C = Inter-level travel time spent in this place.
 D = Time resting spent in this place.
 E = Time spent auto-exploring this place.
 F = Levels seen in this place.
 G = Mean time per level.
                   A        B        C        D        E       F      G
               +--------+--------+--------+--------+--------+-----+--------+
         Total |  41656 |  36141 |   5515 |   3114 |  20146 |  87 |  478.8 |
       Dungeon |  15081 |  13654 |   1427 |   1275 |   9956 |  15 | 1005.4 |
          Lair |   2862 |   1598 |   1264 |      0 |    905 |   5 |  572.4 |
         Swamp |   2015 |   1709 |    306 |    742 |    572 |   4 |  503.8 |
   Spider Nest |   1192 |    863 |    329 |     78 |    558 |   4 |  298.0 |
    Slime Pits |    786 |    367 |    419 |     14 |     43 |   5 |  157.2 |
  Orcish Mines |   1674 |   1479 |    195 |     46 |   1126 |   2 |  837.0 |
   Elven Halls |   1402 |    783 |    619 |      0 |    471 |   3 |  467.3 |
        Depths |   4105 |   3390 |    715 |    167 |   2490 |   4 | 1026.2 |
           Zot |    674 |    436 |    238 |      0 |    183 |   5 |  134.8 |
         Abyss |   1598 |   1598 |      0 |      9 |    311 |   3 |  532.7 |
   Pandemonium |   7342 |   7342 |      0 |    694 |   1717 |  24 |  305.9 |
      Ziggurat |    872 |    872 |      0 |     88 |    525 |  10 |   87.2 |
         Sewer |    675 |    675 |      0 |      0 |    480 |   1 |  675.0 |
        Bailey |   1038 |   1038 |      0 |      0 |    616 |   1 | 1038.0 |
      Gauntlet |    333 |    333 |      0 |      0 |    191 |   1 |  333.0 |
               +--------+--------+--------+--------+--------+-----+--------+

Top non-repeatable levels by time:
    D:10: 1746 daAuts
    D:11: 1482 daAuts
Depths:2: 1431 daAuts
     D:9: 1429 daAuts
     D:6: 1262 daAuts
    D:12: 1249 daAuts
Depths:4: 1211 daAuts
     D:5: 1115 daAuts
Depths:3: 1114 daAuts
  Bailey: 1038 daAuts
 Swamp:4: 959 daAuts
     D:4: 946 daAuts
 Abyss:3: 938 daAuts
    D:14: 920 daAuts
     D:3: 909 daAuts
